 Dungeon Crawl Stone Soup version 0.21-a0-125-gb006224 (webtiles) character file.

11 MackTheKnife the Caller (level 2, -1/19 HPs)
             Began as a Merfolk Summoner on July 14, 2017.
             Slain by a leopard gecko (4 damage)
             ... on level 1 of the Dungeon.
             The game lasted 00:01:40 (543 turns).

MackTheKnife the Caller (Merfolk Summoner)           Turns: 543, Time: 00:01:41

Health: -1/19      AC:  2    Str:  8    XL:     2   Next: 25%
Magic:  3/5        EV: 13    Int: 14    God:
Gold:   30         SH:  0    Dex: 14    Spells: 4/5 levels left

rFire    . . .     SeeInvis .   (no weapon)
rCold    . . .     Gourm    .   (no shield)
rNeg     . . .     Faith    .   a - +0 robe
rPois    .         Spirit   .   (no helmet)
rElec    .         Reflect  .   (no cloak)
rCorr    .         Harm     .   (no gloves)
MR       .....                  (no boots)
Stlth    ++........             (no amulet)
HPRegen  0.06/turn              (no ring)
MPRegen  0.09/turn              (no ring)

@: no status effects
A: change form in water, swift swim, stealthy swim
a: no special abilities


You were on level 1 of the Dungeon.
You were not hungry.

You visited 1 branch of the dungeon, and saw 1 of its levels.

You collected 30 gold pieces.

Inventory:

Armour
 a - a +0 robe (worn)
Scrolls
 d - 2 scrolls of fog {unknown}
 e - a scroll of identify {unknown}
Potions
 g - a potion of degeneration {unknown}
Books
 b - a book of Callings
Comestibles
 c - a bread ration {@e1}
 f - a meat ration {@e2}


   Skills:
 - Level 3.0 Dodging
 - Level 2.2 Stealth
 + Level 2.2 Spellcasting
 + Level 4.1 Summonings


You had 4 spell levels left.
You knew the following spells:

 Your Spells              Type           Power        Failure   Level  Hunger
z - Summon Small Mammal   Summ           ##..         4%          1    #......


Dungeon Overview and Level Annotations

Branches:
Dungeon (1/15)

Altars:


Message History

The hobgoblin misses you.
You hit the hobgoblin. Your bat misses the hobgoblin.
Your rat misses the hobgoblin. The hobgoblin hits you with a club.
Your bat hits the hobgoblin but does no damage.
You take 1 damage, and have 15/19 hp.
You closely miss the hobgoblin. Your bat misses the hobgoblin.
Your rat bites the hobgoblin.
The hobgoblin hits your rat with a club.
Your rat dies!
Your rat's corpse disappears in a puff of smoke!
The hobgoblin shouts!
You barely miss the hobgoblin.
Your bat closely misses the hobgoblin.
The hobgoblin completely misses you.
You hit the hobgoblin but do no damage. Your bat hits the hobgoblin.
The hobgoblin dies!
You start resting.
Your bat disappears in a puff of smoke!
Health restored: 19; MP restored: 5 You now have 30 gold pieces (gained 7).
Things that are here:
a club; a hobgoblin corpse
Okay, then.
A giant cockroach comes into view.
A giant cockroach is nearby!
Wield which item (- for none, * to show all)? (? for menu, Esc to quit)
Okay, then.
You don't know that spell.
The giant cockroach waves its antennae.
You now have 4/5 mp.
The giant cockroach bites you but does no damage.
You hit the giant cockroach but do no damage.
The giant cockroach barely misses you.
Your quokka closely misses the giant cockroach.
You hit the giant cockroach. The giant cockroach misses you.
Your quokka closely misses the giant cockroach.
You hit the giant cockroach but do no damage.
The giant cockroach closely misses you.
Your quokka bites the giant cockroach but does no damage.
The giant cockroach closely misses you.
You hit the giant cockroach.
You kill the giant cockroach!
No target in view!
No target in view!
g - a smoky sapphire potion You swap places.
A leopard gecko and a hobgoblin come into view.
MP restored: 5
There are monsters nearby!
There are monsters nearby!
You swap places.
The leopard gecko hisses angrily.
Your quokka disappears in a puff of smoke!
You see here a spear.
The leopard gecko hisses menacingly.
You now have 4/5 mp.
You now have 3/5 mp.
The leopard gecko bites you.
You take 2 damage, and have 17/19 hp.
You barely miss the leopard gecko.
Your bat closely misses the leopard gecko.
The leopard gecko barely misses you.
You miss the leopard gecko. The leopard gecko bites you.
You take 3 damage, and have 15/19 hp.
You closely miss the leopard gecko.
Your rat closely misses the leopard gecko.
The leopard gecko closely misses you.
You closely miss the leopard gecko.
Your rat bites the leopard gecko.
The leopard gecko bites your rat.
Your rat dies!
Your rat's corpse disappears in a puff of smoke!
You hit the leopard gecko but do no damage.
Your bat completely misses the leopard gecko. x2
The leopard gecko closely misses you.
Your bat hits the leopard gecko.
The leopard gecko completely misses your bat.
You strike the helpless leopard gecko from behind!
You hit the leopard gecko but do no damage.
Your bat hits the leopard gecko. The leopard gecko bites you.
You take 2 damage, and have 13/19 hp.
You hit the leopard gecko.
The leopard gecko completely misses you.
Your bat closely misses the leopard gecko.
You closely miss the leopard gecko.
Your bat hits the leopard gecko but does no damage.
Your bat misses the leopard gecko. The leopard gecko bites your bat.
The hobgoblin hits you.
Your bat barely misses the leopard gecko.
You take 3 damage, and have 10/19 hp.
You now have 3/5 mp.
You are too injured to fight recklessly!
You hit the leopard gecko but do no damage.
Your bat misses the leopard gecko. The leopard gecko barely misses you.
The hobgoblin hits you.
Your rat completely misses the leopard gecko.
The leopard gecko bites you.
* * * LOW HITPOINT WARNING * * *
You take 7 damage, and have 3/19 hp.
MASSIVE DAMAGE!!
You swap places.
Your bat completely misses the leopard gecko.
The hobgoblin hits your rat. The leopard gecko bites you.
You die...

#.....#........##.#.
#.....#...........†.
#...................
#...................
#...................
#...#+#..........).
#...#.......##.....
.#####..l#.......##.....
.....b.@rg.......##.....
###########......#......
#######......#......
#........#####......
#...................
#.......l.(.......
#.................
####....g..####..
#....)..######


You could see a leopard gecko, a hobgoblin, a friendly bat and a friendly rat.

Vanquished Creatures
  2 dart slugs (D:1)
  A giant cockroach (D:1)
3 creatures vanquished.

Vanquished Creatures (collateral kills)
  A dart slug (D:1)
  A goblin (D:1)
  A hobgoblin (D:1)
  A jackal (D:1)
  A frilled lizard (D:1)
  2 rats (D:1)
7 creatures vanquished.

Grand Total: 10 creatures vanquished

Notes
Turn   | Place    | Note
-------+----------+-------------------------------------------
     0 | D:1      | MackTheKnife the Merfolk Summoner began the quest for the Orb.
     0 | D:1      | Reached XP level 1. HP: 13/13 MP: 3/3
   149 | D:1      | Reached skill level 3 in Dodging
   307 | D:1      | Reached XP level 2. HP: 19/19 MP: 3/5
   542 | D:1      | HP: 3/19 [leopard gecko (3)]
   543 | D:1      | Slain by a leopard gecko

Vault maps used:
D:1:      roderic_octagonal_star, minmay_heptomino_o4

Skill      XL: |  1 |
---------------+----+-----
Dodging        | 3 |  3.0
Stealth        | |  2.2
Spellcasting   | |  2.2
Summonings     | |  4.1

Action                   || total
-------------------------++-------
Melee: Unarmed           ||    48
 Cast: Summon Small Mamm ||    13
 Stab: Distracted        ||     1
Armor: Robe              ||     5
Dodge: Dodged            ||    24

Vault maps used:
D:1:      roderic_octagonal_star, minmay_heptomino_o4

Table legend:
 A = Turns spent in this place as a percentage of turns spent in the entire game.
 B = Non-inter-level travel turns spent in this place as a percentage of non-inter-level travel turns spent in the entire game.
 C = Inter-level travel turns spent in this place as a percentage of turns spent in this place.
 D = Turns resting spent in this place as a percentage of non-inter-level travel turns spent in this place.
 E = Turns spent auto-exploring this place as a percentage of non-inter-level travel turns spent in this place.
 F = Non-inter-level travel turns spent in this place divided by the number of levels of this place that you've seen.
                   A       B       C       D       E      F
               +-------+-------+-------+-------+-------+----------------------
         Total | 100.0 | 100.0 |   0.0 |   4.3 |   5.3 | 187.0
       Dungeon | 100.0 | 100.0 |   0.0 |   4.3 |   5.3 | 187.0
               +-------+-------+-------+-------+-------+----------------------

Table legend:
 A = Kills in this place as a percentage of kills in entire the game.
 B = Kills by you in this place as a percentage of kills by you in the entire game.
 C = Kills by friends in this place as a percentage of kills by friends in the entire game.
 D = Other kills in this place as a percentage of other kills in the entire game.
 E = Experience gained in this place as a percentage of experience gained in the entire game.
 F = Experience gained in this place divided by the number of levels of this place that you have seen.
                   A       B       C       D       E      F
               +-------+-------+-------+-------+-------+----------------------
         Total | 100.0 | 100.0 | 100.0 |  -nan | 100.0 |  16.0
       Dungeon | 100.0 | 100.0 | 100.0 |  -nan | 100.0 |  16.0
               +-------+-------+-------+-------+-------+----------------------
